 Dungeon Crawl Stone Soup version 0.18.1-48-g4cf74bf (webtiles) character file.

191 MaCx the Magician (level 5, 0/28 HPs)
             Began as a Gargoyle Wizard on Aug 31, 2016.
             Was an Initiate of Vehumet.
             Slain by a slave (6 damage)
             ... led by Pikel
             ... on level 4 of the Dungeon on Sept 1, 2016.
             The game lasted 00:29:14 (5513 turns).

MaCx the Magician (Gargoyle Wizard)                 Turns: 5513, Time: 00:29:14

Health: 0/28       AC:  8    Str: 14    XL:     5   Next: 70%
Magic:  2/11       EV: 11    Int: 19    God:    Vehumet [......]
Gold:   75         SH:  0    Dex:  8    Spells: 4 memorised, 4 levels left

rFire  . . .     SeeInvis .     h - -3 club (curse)
rCold  . . .     Gourm    .     a - +0 robe
rNeg   + . .     Faith    .     (no shield)
rPois  ∞         Spirit   .     b - +1 hat
rElec  +         Dismiss  .     f - +0 cloak
rCorr  .         Reflect  .     (no gloves)
SustAt .         Harm     .     (no boots)
MR     .....                    (no amulet)
Stlth  ++........               (no ring)
                                g - +3 ring of strength

@: not resistant to hostile enchantments, unstealthy
A: negative energy resistance 1, electricity resistance, unbreathing,
petrification resistance, rot immunity, AC +4
a: Renounce Religion


You were on level 4 of the Dungeon.
You worshipped Vehumet.
Vehumet was noncommittal.
You were near starving.

You visited 1 branch of the dungeon, and saw 5 of its levels.

You collected 75 gold pieces.

Inventory:

Hand Weapons
 h - a cursed -3 club (weapon)
 m - a +0 whip
Armour
 a - a +0 robe (worn)
 b - a +1 hat (worn)
 f - a +0 cloak (worn)
 r - a +0 helmet
Jewellery
 g - a +3 ring of strength (left hand)
 p - an uncursed ring of positive energy {unknown}
Scrolls
 j - a scroll of identify
 n - 2 scrolls of magic mapping
 q - a scroll of teleportation
Potions
 e - 2 potions of cure mutation {unknown}
 i - a potion of magic {unknown}
 k - a potion of flight {unknown}
 o - a potion of haste {unknown}
 s - a potion of resistance {unknown}
Books
 c - a book of Minor Magic

   Spells                             Type                      Level
   a - Magic Dart                     Conjuration                  1
   b - Blink                          Translocation                2
   c - Call Imp                       Summoning                    2
   d - Repel Missiles                 Charms/Air                   2
   e - Slow                           Hexes                        2
   f - Conjure Flame                  Conjuration/Fire             3
   g - Mephitic Cloud                 Conjuration/Poison/Air       3
 l - Kikubaaqudgha's Collected Works on Black Arts
   (You found it on level 4 of the Dungeon)

   Spells                             Type                      Level
   a - Animate Skeleton               Necromancy                   1
Comestibles
 d - 2 bread rations


   Skills:
 - Level 1.5 Dodging
 - Level 2.1 Stealth
 + Level 4.6 Spellcasting
 + Level 4.1 Conjurations
   Level 0.8 Summonings
   Level 0.8 Translocations


You had 4 spell levels left.
You knew the following spells:

 Your Spells              Type           Power        Failure   Level  Hunger
a - Magic Dart            Conj           ###.         2%          1    None
b - Mephitic Cloud        Conj/Pois/Air  #.......     21%         3    ###....
c - Conjure Flame         Conj/Fire      ##......     17%         3    ###....
d - Repel Missiles        Chrm/Air       #.....       21%         2    #......


Dungeon Overview and Level Annotations

Branches:
Dungeon (5/15)
 Temple: D:4-7

Altars:
Ashenzari
Fedhas
Kikubaaqudgha
Qazlal
Sif Muna
Vehumet
The Shining One

Annotations:
D:4 Anatei's ghost, amateur DsBe


Innate Abilities, Weirdness & Mutations

You are resistant to torment.
Your stone body is resilient (AC +4).
You are immune to poison.
You resist negative energy.
You are resistant to electric shocks.
You can survive without breathing.
You are immune to petrification.
You are immune to rotting.


Message History

The adder bites you but does no damage.
You climb upwards.
Level annotation: Anatei's ghost, amateur DsBe
There is a stone staircase leading down here.
Casting: Magic Dart
Confirm with . or Enter, or press ? or * to list all spells.
Aiming: Magic Dart
Press: ? - help, Shift-Dir - straight line, f - slave
Aim: a slave, wearing an animal skin (moderately wounded)
The magic dart hits the slave.
The slave is moderately wounded.
The slave hits you. The slave hits you. The slave hits you.
* * * LOW HITPOINT WARNING * * *
The slave closely misses you. The slave barely misses you.
The slave closely misses you. The slave hits you.
You die...

..####.......#
..#..........#
..'..........#
..#.##.......#
..#..#.......#
.##..#.......#
.....#.......#
...#.#.......#####
..............Sp@#
...#.######.######
......... #.#
.....###.##.#
..#.#.......####
......##.......###
###..............#
#..###..#.#..#.#
.........<...# #


You could see a slave and an adder.

Vanquished Creatures
  A worker ant (D:3)
  8 adders
  3 worms
  A dart slug (D:1)
  An orc (D:4)
  A ball python (D:1)
  4 giant cockroaches
  18 goblins
  11 hobgoblins
  9 bats
  5 giant newts
  11 kobolds
  A quokka skeleton (D:4)
  8 rats
82 creatures vanquished.

Notes
Turn   | Place    | Note
--------------------------------------------------------------
     0 | D:1      | MaCx the Gargoyle Wizard began the quest for the Orb.
     0 | D:1      | Reached XP level 1. HP: 10/10 MP: 4/4
   440 | D:1      | Reached XP level 2. HP: 15/15 MP: 0/6
  1475 | D:1      | Reached XP level 3. HP: 19/19 MP: 4/8
  1884 | D:2      | Found a shattered altar of Ashenzari.
  2077 | D:2      | Found a stormy altar of Qazlal.
  2211 | D:2      | Found a blossoming altar of Fedhas.
  2702 | D:2      | Reached XP level 4. HP: 10/24 MP: 0/9
  3962 | D:3      | Reached XP level 5. HP: 25/28 MP: 3/11
  4088 | D:3      | Found a glowing golden altar of the Shining One.
  4754 | D:4      | Learned a level 3 spell: Mephitic Cloud
  4758 | D:4      | Learned a level 3 spell: Conjure Flame
  4761 | D:4      | Learned a level 2 spell: Repel Missiles
  5167 | D:4      | Noticed Anatei's ghost (amateur DsBe)
  5171 | D:4      | Found a radiant altar of Vehumet.
  5174 | D:4      | Found an ancient bone altar of Kikubaaqudgha.
  5175 | D:4      | Found a deep blue altar of Sif Muna.
  5182 | D:4      | Identified Kikubaaqudgha's Collected Works on Black Arts
  5193 | D:4      | Became a worshipper of Vehumet
  5442 | D:4      | Noticed a slave
  5442 | D:4      | Noticed a slave
  5443 | D:4      | Noticed a slave
  5443 | D:4      | Noticed a slave
  5500 | D:5      | Entered Level 5 of the Dungeon
  5513 | D:4      | Slain by a slave

Skill      XL: |  1  2  3  4  5 |
---------------+----------------+-----
Conjurations   | 2 3 4 |  4.1
Spellcasting   | 4 |  4.6
Dodging        | |  1.5
Stealth        | |  2.1
Summonings     | |  0.8
Translocations | |  0.8

Action                   |  1- 3 |  4- 6 || total
-------------------------+-------+-------++-------
Melee: Club              |    44 |    13 ||    57
 Cast: Magic Dart        |   119 |   142 ||   261
       Conjure Flame     |       |     3 ||     3
  Use: Scroll            |     7 |     1 ||     8
  Eat: Chunk             |     5 |     6 ||    11
       Beef jerky        |       |     1 ||     1
Armor: Robe              |    43 |    28 ||    71
Dodge: Dodged            |    53 |    45 ||    98
